 Dungeon Crawl Stone Soup version 0.29.0-4-gdea44cf6ec (webtiles) character file.

Game seed: 16526594150958876899

709 qw the Ruffian (level 7, -2/57 HPs)
             Began as a Ghoul Fire Elementalist on Aug 29, 2022.
             Slain by a scorpion (5 damage)
             ... on level 5 of the Dungeon.
             The game lasted 00:04:06 (4509 turns).

qw the Ruffian (Ghoul Fire Elementalist)            Turns: 4509, Time: 00:04:07

Health: -2/57      AC: 11    Str: 19    XL:     7   Next: 68%
Magic:  8/8        EV: 10    Int: 10    God:
Gold:   183        SH:  0    Dex: 14    Spells: 8/9 levels left

rFire   . . .      SeeInvis .     - Unarmed
rCold   + . .      Faith    .   (no shield)
rNeg    + + +      Spirit   .   b - +0 plate armour
rPois   inf        Reflect  .   (no helmet)
rElec   .          Harm     .   (no cloak)
rCorr   .          Rampage  .   (no gloves)
Will    +....                   j - +0 pair of boots
Stlth   ..........              (no amulet)
HPRegen 0.00/turn               g - +4 ring of evasion
MPRegen 0.11/turn               a - ring "Bubeor" {Will+ Str+5 Dex+5}

@: about to teleport, inhibited regen
A: claws 1, cold resistance 1, negative energy resistance 3, inhibited
regeneration, torment resistance 2, devour on kill
a: no special abilities


You were on level 5 of the Dungeon.
You visited 2 branches of the dungeon, and saw 6 of its levels.

You collected 183 gold pieces.


Innate Abilities, Weirdness & Mutations

You are immune to poison.
You have sharp fingernails.
Your flesh is cold resistant. (rC+)
You are immune to negative energy. (rN+++)
You do not regenerate when monsters are visible.
You are immune to unholy pain and torment.
You thrive by killing the living.


   Skills:
 - Level 3.1 Fighting
 - Level 2.0 Armour
 - Level 1.7 Dodging
 - Level 2.1 Stealth
 + Level 7.7 Unarmed Combat
 - Level 1.7 Spellcasting
 - Level 0.7 Conjurations
 - Level 2.4 Fire Magic


You had 8 spell levels left.
You knew the following spells:

 Your Spells              Type           Power      Damage    Failure   Level
a - Foxfire               Conj/Fire      16%        2x1d4     99%         1

Your spell library contained the following spells:

 Spells                   Type           Power      Damage    Failure   Level
 Scorch                   Fire           10%        2d5       100%        2
 Conjure Flame            Conj/Fire      4%         6-21      100%        3
 Inner Flame              Hex/Fire       3%         N/A       100%        3
 Flame Wave               Conj/Fire      4%         2d5       100%        4

Inventory:

Armour
 b - a +0 plate armour (worn)
 j - a +0 pair of boots (worn)
Jewellery
 a - the ring "Bubeor" (right claw) {Will+ Str+5 Dex+5}
   (You found it on level 2 of the Dungeon)

   [ring of willpower]

   Str:       It affects your strength (+5).
   Dex:       It affects your dexterity (+5).
   Will:      It increases your willpower.
 g - a +4 ring of evasion (left claw)
Scrolls
 c - a scroll of brand weapon
 h - a scroll of identify
 n - a scroll of teleportation
Potions
 d - 2 potions of heal wounds
 e - 2 potions of might
 f - a potion of resistance

Dungeon Overview and Level Annotations

Branches:
Dungeon (5/15)             Temple (1/1) D:5

Altars:
Ashenzari
Cheibriados
Dithmenos
Fedhas
Kikubaaqudgha
Makhleb
Nemelex Xobeh
Qazlal
Ru
Trog
Uskayaw
Vehumet
Wu Jian
Xom
Yredelemnul

Annotations:
D:3 3 runed translucent doors, qw's ghost, amateur TeWr


Message History

The scorpion stings you but does no damage.
You closely miss the scorpion.
The scorpion is lightly wounded.
The gnoll hits you with a +4 flail.
The scorpion stings you but does no damage.
The gnoll barely misses you.
You barely miss the scorpion.
The scorpion is lightly wounded.
The scorpion barely misses you.
The gnoll hits you from afar with a +0 spear.
The gnoll hits you with a +4 flail.
A gnoll sergeant comes into view. It is wielding a +0 spear.
You scratch the scorpion.
The scorpion is moderately wounded.
The scorpion stings you but does no damage.
You scratch the scorpion but do no damage.
The scorpion is moderately wounded.
The gnoll hits you with a +4 flail. The gnoll hits you but does no damage.
A gnoll comes into view. It is wielding a +0 spear.
The scorpion barely misses you.
You claw the scorpion!
The scorpion is severely wounded.
The gnoll barely misses you. The gnoll misses you.
The gnoll sergeant hits you from afar with a +0 spear.
The scorpion barely misses you.
You barely miss the scorpion.
The scorpion is severely wounded.
The gnoll completely misses you. The gnoll hits you but does no damage.
The scorpion stings you.
The gnoll sergeant hits you from afar with a +0 spear!
You scratch the scorpion.
The scorpion is severely wounded.
The scorpion stings you. The gnoll hits you with a +4 flail.
The gnoll barely misses you.
The gnoll sergeant hits you from afar with a +0 spear!
4509 ||| READING 2 scrolls of teleportation.
As you read the scroll of teleportation, it crumbles to dust.
You feel strangely unstable. The scorpion stings you.
You die...

.##### ......
..... .#####
#g..### .# #....$
.# #. .... .# #.#
...## .# #.#
#...# .#
#.###gg.# .#
#.#@sg..# .
#.#.g...# #
#...#...# #
#...#[..# #
###...#...# ####
#.%:.......# ...#
#.#........# .#.#
######.#.#......#
...#
#........#......#


You could see a gnoll sergeant, a scorpion and 3 gnolls.

Vanquished Creatures
  An ice beast (D:3)
  A scorpion (D:5)
  6 hounds
  2 jellies (D:2)
  An orc priest (D:3)
  An iguana (D:5)
  Jessica (D:2)
  A scorpion zombie (D:3)
  An orc wizard (D:4)
  A gnoll (D:2)
  5 adders
  2 shadow imps (D:5)
  An adder zombie (D:3)
  2 worms (D:2)
  3 dart slugs (D:4)
  3 orcs
  4 ball pythons
  4 bats
  16 endoplasms
  4 giant cockroaches
  7 goblins
  6 hobgoblins
  2 jackals (D:1)
  17 kobolds
  3 quokkas
  4 frilled lizards
  4 rats
103 creatures vanquished.

Vanquished Creatures (others)
  2 fungi (D:2)
  10 toadstools (D:2)
12 creatures vanquished.

Grand Total: 115 creatures vanquished

Notes
Turn   | Place    | Note
-------+----------+-------------------------------------------
     0 | D:1      | qw the Ghoul Fire Elementalist began the quest for the Orb.
     0 | D:1      | Reached XP level 1. HP: 14/14 MP: 2/2
     0 | D:1      | 0 ||| qw: Version: 0.1-a-90-g952f4b7
     0 | D:1      | 0 ||| qw: Game counter: 3823
     0 | D:1      | 0 ||| qw: Always use a shield: true
     0 | D:1      | 0 ||| qw: God list: Okawaru
     0 | D:1      | 0 ||| qw: Allow faded altars: false
     0 | D:1      | 0 ||| qw: Do Orc after D:15 true
     0 | D:1      | 0 ||| qw: Do second Lair branch before Depths: true
     0 | D:1      | 0 ||| qw: Lair rune preference: random
     0 | D:1      | 0 ||| qw: Plans: Normal
     0 | D:1      | 0 ||| PLANNING D:1-11
    89 | D:1      | Reached skill level 1 in Unarmed Combat
   251 | D:1      | Reached skill level 1 in Fighting
   251 | D:1      | Reached XP level 2. HP: 23/23 MP: 3/3
   343 | D:1      | Found a faded altar of an unknown god.
   566 | D:1      | Reached skill level 2 in Unarmed Combat
  1039 | D:1      | 1039 ||| UPGRADING to +0 leather armour.
  1049 | D:1      | 1049 ||| DROPPING +0 robe.
  1050 | D:1      | 1050 ||| UPGRADING to ring of protection from cold.
  1051 | D:1      | 1051 ||| READING 3 scrolls labelled USTIUSTR IDDEOST.
  1052 | D:1      | 1052 ||| READING scroll labelled MUVVEQ EJEILE.
  1053 | D:1      | 1053 ||| READING scroll labelled UPSYEMU MUIN.
  1054 | D:1      | 1054 ||| READING 2 scrolls of identify.
  1054 | D:1      | 1054 ||| IDENTIFYING bubbling blue potion
  1055 | D:1      | 1055 ||| DROPPING potion of magic.
  1056 | D:1      | 1056 ||| DROPPING potion of brilliance.
  1089 | D:2      | Identified the ring "Bubeor" {Will+ Str+5 Dex+5}
  1157 | D:2      | Reached XP level 3. HP: 28/28 MP: 4/4
  1371 | D:2      | Noticed Jessica
  1376 | D:2      | 1376 ||| FLEEEEING.
  1377 | D:2      | 1377 ||| FLEEEEING.
  1378 | D:2      | 1378 ||| FLEEEEING.
  1383 | D:2      | 1383 ||| FLEEEEING.
  1384 | D:2      | 1384 ||| FLEEEEING.
  1388 | D:2      | 1388 ||| FLEEEEING.
  1389 | D:2      | 1389 ||| FLEEEEING.
  1390 | D:2      | 1390 ||| FLEEEEING.
  1391 | D:2      | 1391 ||| FLEEEEING.
  1392 | D:2      | 1392 ||| FLEEEEING.
  1393 | D:2      | 1393 ||| FLEEEEING.
  1394 | D:2      | 1394 ||| FLEEEEING.
  1395 | D:2      | 1395 ||| FLEEEEING.
  1396 | D:2      | 1396 ||| FLEEEEING.
  1397 | D:2      | 1397 ||| FLEEEEING.
  1405 | D:2      | 1405 ||| FLEEEEING.
  1411 | D:2      | 1411 ||| FLEEEEING.
  1413 | D:2      | 1413 ||| FLEEEEING.
  1423 | D:2      | 1423 ||| STAIRDANCE
  1477 | D:1      | 1477 ||| UPGRADING to ring "Bubeor" {Will+ Str+5 Dex+5}.
  1478 | D:1      | 1478 ||| READING scroll labelled YNGUGI EGUVA.
  1483 | D:1      | 1483 ||| READING 2 scrolls of identify.
  1483 | D:1      | 1483 ||| IDENTIFYING purple potion
  1484 | D:1      | 1484 ||| DROPPING potion of lignification.
  1506 | D:2      | Reached skill level 3 in Unarmed Combat
  1541 | D:2      | Reached XP level 4. HP: 31/35 MP: 5/5
  1541 | D:2      | 1541 ||| FLEEEEING.
  1612 | D:2      | 1612 ||| Stepping ~*~*~tactically~*~*~ (stealth).
  1679 | D:2      | 1679 ||| Stepping ~*~*~tactically~*~*~ (stealth).
  1791 | D:2      | 1791 ||| Stepping ~*~*~tactically~*~*~ (stealth).
  1792 | D:2      | 1792 ||| Stepping ~*~*~tactically~*~*~ (stealth).
  1818 | D:2      | 1818 ||| FLEEEEING.
  1819 | D:2      | 1819 ||| FLEEEEING.
  1820 | D:2      | 1820 ||| FLEEEEING.
  1821 | D:2      | 1821 ||| FLEEEEING.
  1822 | D:2      | 1822 ||| FLEEEEING.
  1823 | D:2      | 1823 ||| FLEEEEING.
  1824 | D:2      | 1824 ||| FLEEEEING.
  1825 | D:2      | 1825 ||| FLEEEEING.
  1827 | D:2      | 1827 ||| FLEEEEING.
  1828 | D:2      | 1828 ||| FLEEEEING.
  1829 | D:2      | 1829 ||| FLEEEEING.
  1830 | D:2      | 1830 ||| FLEEEEING.
  1831 | D:2      | 1831 ||| FLEEEEING.
  1832 | D:2      | 1832 ||| FLEEEEING.
  1833 | D:2      | 1833 ||| FLEEEEING.
  1835 | D:2      | 1835 ||| STAIRDANCE
  2019 | D:1      | 2019 ||| UPGRADING to +0 plate armour.
  2029 | D:1      | 2029 ||| DROPPING +0 leather armour.
  2098 | D:2      | Reached skill level 1 in Armour
  2100 | D:2      | 2100 ||| Stepping ~*~*~tactically~*~*~ (outnumbered).
  2111 | D:2      | Reached skill level 4 in Unarmed Combat
  2111 | D:2      | Reached XP level 5. HP: 30/40 MP: 6/6
  2391 | D:2      | 2391 ||| Stepping ~*~*~tactically~*~*~ (stealth).
  2407 | D:2      | Killed Jessica
  2501 | D:2      | 2501 ||| DROPPING +6 ring of intelligence.
  2502 | D:2      | 2502 ||| READING scroll labelled COL DEN KUPT.
  2503 | D:2      | 2503 ||| READING 3 scrolls of identify.
  2503 | D:2      | 2503 ||| IDENTIFYING viscous green potion
  2535 | D:3      | Noticed an ice beast
  2547 | D:3      | 2547 ||| Stepping ~*~*~tactically~*~*~ (outnumbered).
  2548 | D:3      | 2548 ||| Stepping ~*~*~tactically~*~*~ (outnumbered).
  2549 | D:3      | 2549 ||| Stepping ~*~*~tactically~*~*~ (outnumbered).
  2550 | D:3      | 2550 ||| Stepping ~*~*~tactically~*~*~ (outnumbered).
  2551 | D:3      | 2551 ||| Stepping ~*~*~tactically~*~*~ (outnumbered).
  2552 | D:3      | 2552 ||| Stepping ~*~*~tactically~*~*~ (outnumbered).
  2553 | D:3      | 2553 ||| Stepping ~*~*~tactically~*~*~ (outnumbered).
  2554 | D:3      | 2554 ||| Stepping ~*~*~tactically~*~*~ (outnumbered).
  2555 | D:3      | 2555 ||| Stepping ~*~*~tactically~*~*~ (outnumbered).
  2556 | D:3      | 2556 ||| Stepping ~*~*~tactically~*~*~ (outnumbered).
  2557 | D:3      | 2557 ||| Stepping ~*~*~tactically~*~*~ (outnumbered).
  2573 | D:3      | Killed an ice beast
  2574 | D:3      | Reached skill level 5 in Unarmed Combat
  2574 | D:3      | Reached XP level 6. HP: 36/48 MP: 7/7
  2582 | D:3      | 2582 ||| Stepping ~*~*~tactically~*~*~ (stealth).
  2679 | D:3      | Found a bloodstained altar of Trog.
  2877 | D:3      | Found a runed translucent gate.
  2877 | D:3      | Found a runed translucent gate.
  2877 | D:3      | Found a runed translucent gate.
  2877 | D:3      | Noticed qw's ghost (amateur TeWr)
  2880 | D:3      | 2880 ||| UPGRADING to +0 pair of boots.
  2908 | D:3      | Found a basalt altar of Yredelemnul.
  3197 | D:3      | 3197 ||| UPGRADING to +4 ring of evasion.
  3199 | D:3      | 3199 ||| DROPPING ring of protection from cold.
  3200 | D:3      | 3200 ||| READING scroll labelled KUUPECL CEPH.
  3201 | D:3      | 3201 ||| READING scroll labelled HOTTYEN IQUINN.
  3202 | D:3      | 3202 ||| READING scroll labelled SECEADGHOELO.
  3203 | D:3      | 3203 ||| READING scroll labelled RIOHAGE QEOTZ.
  3204 | D:3      | 3204 ||| READING 2 scrolls of identify.
  3204 | D:3      | 3204 ||| IDENTIFYING lumpy white potion
  3205 | D:3      | 3205 ||| DROPPING potion of attraction.
  3223 | D:4      | 3223 ||| STAIRDANCE
  3261 | D:4      | 3261 ||| Stepping ~*~*~tactically~*~*~ (outnumbered).
  3263 | D:4      | 3263 ||| Stepping ~*~*~tactically~*~*~ (outnumbered).
  3264 | D:4      | 3264 ||| Stepping ~*~*~tactically~*~*~ (outnumbered).
  3265 | D:4      | 3265 ||| STAIRDANCE
  3299 | D:4      | 3299 ||| STAIRDANCE
  3328 | D:4      | 3328 ||| Stepping ~*~*~tactically~*~*~ (outnumbered).
  3330 | D:4      | 3330 ||| STAIRDANCE
  3335 | D:3      | Reached skill level 6 in Unarmed Combat
  3372 | D:4      | 3372 ||| STAIRDANCE
  3374 | D:3      | 3374 ||| Stepping ~*~*~tactically~*~*~ (outnumbered).
  3403 | D:4      | 3403 ||| STAIRDANCE
  3460 | D:4      | 3460 ||| STAIRDANCE
  3521 | D:4      | Reached skill level 3 in Fighting
  3557 | D:4      | 3557 ||| Stepping ~*~*~tactically~*~*~ (stealth).
  3560 | D:4      | 3560 ||| Stepping ~*~*~tactically~*~*~ (stealth).
  3569 | D:4      | Reached XP level 7. HP: 57/57 MP: 8/8
  3581 | D:4      | Identified the +2 ring mail of the Monkey {+Blink rPois}
  3635 | D:4      | 3635 ||| Stepping ~*~*~tactically~*~*~ (hiding).
  3888 | D:4      | Found a burning altar of Makhleb.
  3916 | D:4      | 3916 ||| READING scroll labelled XEHORR OKKOEFF.
  3922 | D:4      | 3922 ||| Stepping ~*~*~tactically~*~*~ (outnumbered).
  4053 | D:4      | 4053 ||| READING 3 scrolls of identify.
  4053 | D:4      | 4053 ||| IDENTIFYING coppery potion
  4054 | D:4      | 4054 ||| READING 2 scrolls of identify.
  4054 | D:4      | 4054 ||| IDENTIFYING fizzy brown potion
  4055 | D:4      | 4055 ||| DROPPING potion of ambrosia.
  4067 | D:5      | Entered Level 5 of the Dungeon
  4091 | D:5      | Reached skill level 7 in Unarmed Combat
  4362 | D:5      | Found a staircase to the Ecumenical Temple.
  4363 | D:5      | 4363 ||| PLANNING TEMPLE
  4363 | D:5      | 4363 ||| READING 2 scrolls of identify.
  4363 | D:5      | 4363 ||| IDENTIFYING bubbling sapphire potion
  4370 | Temple   | Entered the Ecumenical Temple
  4442 | Temple   | 4442 ||| PLANNING D:1-11
  4442 | Temple   | 4442 ||| READING scroll labelled SUZXIA BUKHORY.
  4466 | D:5      | 4466 ||| Stepping ~*~*~tactically~*~*~ (hiding).
  4490 | D:5      | 4490 ||| Stepping ~*~*~tactically~*~*~ (hiding).
  4492 | D:5      | 4492 ||| Stepping ~*~*~tactically~*~*~ (hiding).
  4497 | D:5      | 4497 ||| Stepping ~*~*~tactically~*~*~ (outnumbered).
  4508 | D:5      | HP: 10/57 [gnoll/+4 flail[a gnoll sergeant] (5)]
  4508 | D:5      | HP: 3/57 [gnoll sergeant/+0 spear (7)]
  4509 | D:5      | 4509 ||| READING 2 scrolls of teleportation.
  4509 | D:5      | Slain by a scorpion

Levels and vault maps discovered:
D:1:      dpeg_arrival_boxorama, layout_basic, basic_ecumenical_altar
D:2:      cheibrodos_fertilizer, layout_basic, minmay_heptomino_d4, uniq_jessica
D:3:      layout_rooms, nicolae_yredelemnul_ghost_church,
          trog_three_pillars_becter
D:4:      layout_cave_pools, kennysheep_mini_moat, minmay_checkerbox
D:5:      layout_basic, minmay_temple_entry_butterflies, chequers_big_river
Temple:   nicolae_temple_great_sept

Skill      XL: |  1  2  3  4  5  6  7 |
---------------+----------------------+-----
Unarmed Combat | 1 2 3 4 5 6 7 |  7.7
Fighting       | 1 2 3 |  3.1
Armour         | 1 2 |  2.0
Dodging        | |  1.7
Stealth        | |  2.1
Spellcasting   | |  1.7
Conjurations   | |  0.7
Fire Magic     | |  2.4

Action                   |  1- 3 |  4- 6 |  7- 9 || total
-------------------------+-------+-------+-------++-------
Melee: Unarmed           |    56 |   177 |    99 ||   332
       Punch             |       |     5 |     1 ||     6
Throw: Boomerang         |    41 |    39 |     5 ||    85
  Use: Scroll            |     6 |     7 |     6 ||    19
Armor: Robe              |     4 |       |       ||     4
       Leather armour    |     2 |     6 |       ||     8
       Plate armour      |       |    75 |    47 ||   122
Dodge: Dodged            |    26 |    72 |    59 ||   157

Table legend:
 A = Non-vault XP
 B = Vault XP
 C = Vault XP percentage of total XP
 D = Non-vault monster count
 E = Vault monster count
 F = Vault count percentage of total count
                 A         B        C        D         E       F
            +---------+---------+-------+---------+---------+-------
      Total |     782 |     232 |  22.9 |      75 |      28 |  27.2
            +---------+---------+-------+---------+---------+-------
        D:1 |      32 |       0 |   0.0 |      17 |       0 |   0.0
        D:2 |      52 |     181 |  77.7 |      18 |      22 |  55.0
        D:3 |     203 |      42 |  17.1 |      16 |       2 |  11.1
        D:4 |     176 |       9 |   4.9 |      16 |       4 |  20.0
        D:5 |     319 |       0 |   0.0 |       8 |       0 |   0.0
            +---------+---------+-------+---------+---------+-------
